 Dungeon Crawl Stone Soup version 0.25.1-8-g42b30a86e7 (webtiles) character file.

Game seed: 14644444508830936464

6522 puppyhush the Tainter (level 10, -6/63 HPs)
             Began as a Demonspawn Venom Mage on Dec 8, 2020.
             Was a Priest of Vehumet.
             Mangled by an 11-headed hydra (7 damage)
             ... on level 1 of the Lair of Beasts on Dec 10, 2020.
             The game lasted 02:32:46 (15615 turns).

puppyhush the Tainter (Demonspawn Venom Mage)      Turns: 15615, Time: 02:32:47

Health: -6/63      AC:  7    Str:  9    XL:     10   Next: 69%
Magic:  16/21      EV: 35    Int: 19    God:    Vehumet [***...]
Gold:   499        SH:  0    Dex: 18    Spells: 3/24 levels left

rFire    + . .     SeeInvis .   z - +4 halberd (protect)
rCold    x . .     Gourm    .   (shield currently unavailable)
rNeg     . . .     Faith    .   b - +2 robe {Archmagi}
rPois    .         Spirit   .   t - +1 helmet
rElec    .         Reflect  .   (no cloak)
rCorr    .         Harm     .   i - +0 pair of gloves
MR       .....                  (boots unavailable)
Stlth    ++++......             o - amulet of the acrobat
HPRegen  0.20/turn              u - +4 ring of evasion
MPRegen  0.17/turn              v - ring of fire

@: berserk cooldown, acrobat, slowed, very slow
A: hooves 3, thin skeletal structure 2, demonic guardian 1
a: Renounce Religion


You were on level 1 of the Lair of Beasts.
You worshipped Vehumet.
Vehumet was most pleased with you.
You were not hungry.

You visited 3 branches of the dungeon, and saw 10 of its levels.

You collected 499 gold pieces.

Inventory:

Hand Weapons
 z - a +4 halberd of protection (weapon)
Missiles
 g - 230 stones (quivered)
 k - 77 sling bullets
 q - 77 bolts
 w - 106 arrows
 x - 7 boomerangs
 A - 3 javelins
 G - 18 poisoned darts
Armour
 b - a +2 robe of the Archmagi (worn)
 i - a +0 pair of gloves (worn)
 t - a +1 helmet (worn)
Magical Staves
 l - an uncursed staff of conjuration
Jewellery
 o - an amulet of the acrobat (around neck)
 u - a +4 ring of evasion (left hand)
 v - a ring of fire (right hand)
 y - an uncursed ring of protection from magic
Wands
 j - a wand of disintegration (7)
 D - a wand of flame (8)
Scrolls
 d - 4 scrolls of remove curse
 f - a scroll of enchant weapon
 p - a scroll of fear
 C - a scroll of fog
 F - a scroll of teleportation
Potions
 a - a potion of haste {unknown}
 e - a potion of magic
 h - a potion of heal wounds
 m - 4 potions of stabbing
 n - 3 potions of curing
 r - a potion of berserk rage
 s - a potion of lignification
Comestibles
 c - 4 rations


   Skills:
 + Level 5.7 Dodging
 + Level 6.0 Stealth
 * Level 7.8 Spellcasting
 * Level 7.4 Transmutations
 * Level 8.7 Poison Magic


You had 3 spell levels left.
You knew the following spells:

 Your Spells              Type           Power        Failure   Level  Hunger
a - Sting                 Tmut/Pois      ####         1%          1    None
b - Poisonous Vapours     Pois/Air       #####.       2%          2    None
c - Olgreb's Toxic Radia  Pois           ######..     1%          4    ###....
d - Ignite Poison         Fire/Tmut/Pois ######..     1%          3    #......
e - Mephitic Cloud        Conj/Pois/Air  ####....     2%          3    #......
f - Magic Dart            Conj           ##..         2%          1    None
g - Frozen Ramparts       Ice            ##....       8%          3    #......
h - Sticky Flame          Conj/Fire      ###.....     24%         4    ###....

Your spell library contained the following spells:

 Spells                   Type           Power        Failure   Level  Hunger


Dungeon Overview and Level Annotations

Branches:
Dungeon (8/15)             Temple (1/1) D:5            Lair (1/6) D:8

Altars:
Cheibriados
Elyvilon
Fedhas
Gozag
Hepliaklqana
Kikubaaqudgha
Makhleb
Nemelex Xobeh
Okawaru
Qazlal
Ru
Sif Muna
Trog
Uskayaw
Vehumet
Wu Jian
Xom
Yredelemnul
Zin
The Shining One


Innate Abilities, Weirdness & Mutations

You have hooves in place of feet.
You have a moderately thin skeletal structure. (Dex +4, Stealth+)
A weak demonic guardian rushes to your aid.


Message History

The 11-headed hydra bites you but does no damage.
The 11-headed hydra bites you!
* * * LOW HITPOINT WARNING * * *
The 11-headed hydra misses you. x2
Your shadow imp hits the 11-headed hydra.
You are too berserk!
You feel a strong urge to attack something.
You are no longer berserk.
You are exhausted.
You feel yourself slow down.
Your shadow imp disappears in a puff of smoke!
The 11-headed hydra completely misses you.
The 11-headed hydra bites you!
* * * LOW HITPOINT WARNING * * *
The 11-headed hydra completely misses you. x2
The 11-headed hydra misses you.
The 11-headed hydra bites you but does no damage.
The 11-headed hydra completely misses you. x3
The 11-headed hydra bites you!
You die...

.. ...P# ##.........# ..
##...#### #.........### ..#
##.....#.#####.....[....#
...##.##.....#.###.........### #
..........................##.####
..........................÷......
.................................
..................>..............
....†..........D@................
^.....##.........................
...............5..........##..##.
.##.#.....#..#.##.........#####.#
# #########.#..###.........# ##
########........## #
#..........#.# #...........#
#...........#


You could see a 11-headed hydra and a friendly ufetubus (summoned).

Vanquished Creatures
  Pikel (D:7)
  A black mamba (Lair:1)
  Maggie (D:7)
  A spiny frog (Lair:1)
  2 trolls (D:8)
  A hippogriff (D:7)
  Grum (Lair:1)
  3 water moccasins (Lair:1)
  Duvessa (D:6)
  2 ice beasts (D:8)
  2 slaves (D:7)
  3 orc warriors
  3 phantoms
  An ogre (D:5)
  5 wolves
  3 crocodiles (Lair:1)
  A gnoll sergeant (D:7)
  7 bullfrogs
  A water moccasin zombie (D:7)
  3 scorpions
  7 wights
  Dowan (D:6)
  3 killer bees (D:7)
  An electric eel (D:8)
  2 crimson imps (D:6)
  3 hounds
  7 orc wizards
  A bullfrog skeleton (D:7)
  5 orc priests
  3 iguanas
  8 worker ants
  A hound zombie (D:6)
  A hound skeleton (D:4)
  9 gnolls
  10 river rats (D:5)
  14 adders
  An ooze (D:1)
  5 worms
  7 dart slugs
  2 leopard geckos
  27 orcs
  2 giant cockroaches
  12 goblins
  13 hobgoblins
  5 jackals
  12 quokkas
  11 bats
  6 frilled lizards
  14 kobolds
  2 leopard gecko skeletons (D:4)
  A leopard gecko zombie (D:6)
  25 rats
264 creatures vanquished.

Vanquished Creatures (collateral kills)
  A hungry ghost (D:4)
  Blork the orc (D:5)
  A bullfrog (D:6)
  A crimson imp (D:6)
  A hound (D:6)
  A bullfrog skeleton (D:6)
  A worker ant (D:4)
  A howler monkey skeleton (D:8)
  2 orcs (D:6)
  A rat (D:5)
11 creatures vanquished.

Grand Total: 275 creatures vanquished

Notes
Turn   | Place    | Note
-------+----------+-------------------------------------------
     0 | D:1      | puppyhush the Demonspawn Venom Mage began the quest for the
                  | Orb.
     0 | D:1      | Reached XP level 1. HP: 13/13 MP: 3/3
    49 | D:1      | Reached skill level 1 in Transmutations
   177 | D:1      | Gained mutation: You have a somewhat thin skeletal
                  | structure. (Dex +2, Stealth) [demonic ancestry]
   177 | D:1      | Reached XP level 2. HP: 16/19 MP: 0/5
   214 | D:1      | Learned a level 2 spell: Poisonous Vapours
   994 | D:1      | Gained mutation: You have large cloven feet. [demonic
                  | ancestry]
   994 | D:1      | Reached XP level 3. HP: 23/24 MP: 2/6
  1722 | D:2      | Gained mutation: A weak demonic guardian rushes to your
                  | aid. [demonic ancestry]
  1722 | D:2      | Reached XP level 4. HP: 20/30 MP: 3/8
  3096 | D:3      | Learned a level 4 spell: Olgreb's Toxic Radiance
  3127 | D:3      | Found a glowing silver altar of Zin.
  3487 | D:3      | Gained mutation: You have hoof-like feet. [demonic
                  | ancestry]
  3487 | D:3      | Reached XP level 5. HP: 35/35 MP: 9/9
  3495 | D:3      | Found a sacrificial altar of Ru.
  4124 | D:4      | Learned a level 3 spell: Ignite Poison
  4910 | D:4      | Reached skill level 4 in Poison Magic
  5097 | D:4      | Gained mutation: You have a moderately thin skeletal
                  | structure. (Dex +4, Stealth+) [demonic ancestry]
  5097 | D:4      | Reached XP level 6. HP: 38/41 MP: 4/11
  6018 | D:4      | Noticed a hungry ghost
  6041 | D:4      | Killed a hungry ghost
  6328 | D:4      | Reached XP level 7. HP: 46/46 MP: 10/12
  6668 | D:5      | Entered Level 5 of the Dungeon
  6679 | D:5      | Found a staircase to the Ecumenical Temple.
  6684 | D:5      | Noticed Blork the orc
  6695 | D:5      | Killed Blork the orc
  6734 | Temple   | Entered the Ecumenical Temple
  6799 | Temple   | Became a worshipper of Vehumet
  7179 | D:5      | Found a transporter.
  7182 | D:5      | Found a transporter.
  7661 | D:5      | Found a blossoming altar of Fedhas.
  7661 | D:5      | Found a bloodstained altar of Trog.
  7766 | D:5      | Learned a level 3 spell: Mephitic Cloud
  7798 | D:5      | Reached skill level 5 in Poison Magic
  7975 | D:5      | Reached * piety under Vehumet
  7975 | D:5      | Offered knowledge of Foxfire by Vehumet.
  8509 | D:5      | Gained mutation: You have hooves in place of feet. [demonic
                  | ancestry]
  8509 | D:5      | Reached XP level 8. HP: 52/52 MP: 7/14
  9113 | D:6      | Reached skill level 5 in Spellcasting
  9761 | D:6      | Offered knowledge of Magic Dart by Vehumet.
  9769 | D:6      | Reached ** piety under Vehumet
  9855 | D:6      | Reached skill level 6 in Poison Magic
 10256 | D:6      | Noticed Duvessa
 10256 | D:6      | Noticed Dowan
 10264 | D:6      | Killed Dowan
 10274 | D:6      | Killed Duvessa
 10770 | D:6      | Reached skill level 5 in Transmutations
 11058 | D:7      | Noticed Maggie
 11065 | D:7      | Killed Maggie
 11065 | D:7      | Reached XP level 9. HP: 57/57 MP: 8/17
 11408 | D:7      | Reached skill level 7 in Poison Magic
 11442 | D:7      | Learned a level 1 spell: Magic Dart
 11459 | D:7      | Noticed Pikel
 11463 | D:7      | Killed Pikel
 11463 | D:7      | Reached skill level 5 in Stealth
 11748 | D:7      | Reached skill level 5 in Dodging
 11981 | D:8      | Offered knowledge of Frozen Ramparts by Vehumet.
 12546 | D:8      | Learned a level 3 spell: Frozen Ramparts
 12607 | D:8      | Noticed a troll
 12874 | D:8      | Killed a troll
 12874 | D:8      | Reached XP level 10. HP: 42/63 MP: 9/20
 12876 | D:8      | Reached *** piety under Vehumet
 13245 | D:8      | Found a sparkling altar of Nemelex Xobeh.
 13247 | D:8      | Found a shimmering blue altar of Sif Muna.
 13333 | D:8      | Reached skill level 8 in Poison Magic
 13617 | D:8      | Found a staircase to the Lair.
 13993 | Lair:1   | Entered Level 1 of the Lair of Beasts
 13993 | Lair:1   | Noticed a black mamba
 14739 | Lair:1   | Killed a black mamba
 15255 | Lair:1   | Offered knowledge of Sticky Flame by Vehumet.
 15261 | Lair:1   | Noticed Grum
 15266 | Lair:1   | Killed Grum
 15300 | Lair:1   | Learned a level 4 spell: Sticky Flame
 15382 | Lair:1   | Noticed a spiny frog
 15392 | Lair:1   | Killed a spiny frog
 15593 | Lair:1   | Noticed an eight-headed hydra
 15615 | Lair:1   | HP: 1/63 [11-headed hydra (9)]
 15615 | Lair:1   | Mangled by an 11-headed hydra

Illustrated notes

Levels and vault maps discovered:
D:1:      ebering_trefoil_twist, layout_basic
D:2:      minmay_chambers_of_twos, layout_basic, minmay_misc_feat_alley
D:3:      layout_basic, zin_academy, nicolae_ru_great_annihilating_truth,
          chequers_mini_garden, minmay_misc_feat_rows
D:4:      layout_gridville, first_ration
D:5:      lemuel_ratsnest, layout_gridville, gammafunk_temple_overflow_arena,
          temple_pool_b, nicolae_underground_beach, uniq_blork_the_orc
D:6:      layout_loops_corners, chequers_serial_rivers_large_a, uniq_duvessa
D:7:      layout_basic, uniq_maggie, uniq_pikel
D:8:      layout_loops_ring, chequers_temple_overflow_statue_of_worship,
          erik_lair_island
Temple:   eino_temple_lava
Lair:1:   layout_hall_layers, infiniplex_staircase_pool_2, uniq_grum

Skill      XL: |  1  2  3  4  5  6  7  8  9 10 |
---------------+-------------------------------+-----
Transmutations | 1 2 3 5 6 7 |  7.4
Stealth        | 2 3 4 5 6 |  6.0
Dodging        | 2 3 4 5 |  5.7
Spellcasting   | 3 4 5 7 |  7.8
Poison Magic   | 4 5 6 7 8 |  8.7

Action                   |  1- 3 |  4- 6 |  7- 9 | 10-12 || total
-------------------------+-------+-------+-------+-------++-------
Melee: Unarmed           |     4 |       |       |       ||     4
       Hand axe          |    28 |       |       |       ||    28
       Dagger            |     6 |   233 |   314 |       ||   553
       Kick              |     4 |    71 |    59 |    21 ||   155
       Halberd           |       |       |    53 |    74 ||   127
Throw: Stone             |    46 |    75 |    56 |     3 ||   180
 Cast: Sting             |    64 |    53 |   107 |     2 ||   226
       Poisonous Vapours |     2 |    21 |    32 |    14 ||    69
       Ignite Poison     |       |     4 |    23 |    20 ||    47
       Olgreb's Toxic Ra |       |     2 |    17 |     5 ||    24
       Frozen Ramparts   |       |       |     1 |     1 ||     2
       Magic Dart        |       |       |       |    15 ||    15
Evoke: Wand              |       |       |       |     5 ||     5
  Use: Scroll            |     1 |     5 |    13 |     6 ||    25
       Potion            |       |       |     5 |     1 ||     6
 Stab: Sleeping          |     1 |     1 |     4 |     1 ||     7
       Distracted        |       |     2 |     1 |       ||     3
  Eat: Chunk             |     3 |    10 |     7 |     2 ||    22
       Ration            |       |     3 |     6 |     2 ||    11
Armor: Robe              |     5 |    39 |    84 |    36 ||   164
       Skin              |       |     7 |       |       ||     7
       Ring mail         |       |     1 |       |       ||     1
Dodge: Dodged            |    36 |   167 |   348 |   136 ||   687
